[Event "ICC tourney 2514 (60 10)"]
[Site "Internet Chess Club"]
[Date "2021.04.18"]
[Round "5"]
[White "AMBATI, JASWANT REDDY:AJRChess2011"]
[Black "SHARMA, ABDD:catseyenebula"]
[Result "1/2-1/2"]
[ICCResult "Game drawn by repetition"]
[WhiteElo "1470"]
[BlackElo "1422"]
[Opening "French: advance variation"]
[ECO "C02"]
[NIC "FR.03"]
[Time "13:17:46"]
[PlyCount "139"]
[TimeControl "3600+10"]

1. e4 e6 2. d4 d5 3. e5 c5 4. c3 Qb6 5. Bd3 Bd7 6. Nf3 cxd4 7. cxd4 Bb5 8.
Bxb5+ Qxb5 9. Nc3 Bb4 10. Bd2 Bxc3 11. bxc3 Nc6 12. Rb1 Qa6 13. Qb3 b6 14.
a4 h6 15. Be3 Nge7 16. Qb5 Qxb5 17. axb5 Na5 18. O-O Nf5 19. Bc1 Kd7 20.
Ba3 a6 21. bxa6 Rxa6 22. g4 Nc4 23. Bb4 Ne7 24. Ra1 Rha8 25. Rxa6 Rxa6 26.
Kg2 Ra2 27. Re1 Ke8 28. h4 Nc6 29. Bd6 Nxd6 30. exd6 Kd7 31. Ne5+ Nxe5 32.
dxe5 f6 33. exf6 gxf6 34. Rb1 Ra6 35. f4 Kxd6 36. Kf3 e5 37. g5 fxg5 38.
fxg5 hxg5 39. hxg5 Ke6 40. Kg4 Kf7 41. Kf5 d4 42. g6+ Kg7 43. Rh1 Kg8 44.
cxd4 exd4 45. Rd1 Ra4 46. Kf6 b5 47. Rb1 b4 48. Rc1 Ra6+ 49. Kg5 Ra8 50.
Rc4 Rb8 51. Rxd4 b3 52. Rd1 b2 53. Rb1 Rb4 54. Kh6 Rb5 55. Rd1 Rf5 56. Rb1
Rf2 57. Rd1 Rh2+ 58. Kg5 Rf2 59. Rd8+ Rf8 60. Rd1 Rf2 61. Rb1 Rd2 62. Kf6
Re2 63. Rd1 Rf2+ 64. Kg5 Rf8 65. Kh6 Rb8 66. Rb1 Rb5 67. Re1 Rb8 68. Rb1
Rb5 69. Rd1 Rb8 70. Rb1 { Game drawn by repetition } 1/2-1/2

[Event "ICC tourney 2514 (60 10)"]
[Site "Internet Chess Club"]
[Date "2021.04.18"]
[Round "6"]
[White "ANANDKUMAR, HAITUKA:Haituka"]
[Black "Vesval, Thomas:Goofymammoth"]
[Result "1-0"]
[ICCResult "Black checkmated"]
[WhiteElo "1034"]
[BlackElo "1268"]
[Opening "Sicilian defense"]
[ECO "B34"]
[NIC "SI.33"]
[Time "16:32:21"]
[PlyCount "37"]
[TimeControl "3600+10"]

1. e4 c5 2. Nf3 Nc6 3. d4 cxd4 4. Nxd4 g6 5. Bc4 Bg7 6. Nf3 Nf6 7. Nc3 Qa5
8. Bd2 Qb4 9. b3 O-O 10. O-O Qb6 11. Be3 Qc7 12. Nd5 Nxd5 13. exd5 Bxa1 14.
dxc6 dxc6 15. Qxa1 Bg4 16. Bh6 e5 17. Nxe5 Rfd8 18. Nxg4 Rab8 19. Qg7# {
Black checkmated } 1-0

[Event "ICC tourney 2514 (60 10)"]
[Site "Internet Chess Club"]
[Date "2021.04.18"]
[Round "6"]
[White "Nori, YOGA KAUSTHUBHA KRISHNA:Harithaananth"]
[Black "KUMAR, SANNAH:Sannahk"]
[Result "1-0"]
[ICCResult "Black checkmated"]
[WhiteElo "1018"]
[BlackElo "1198"]
[Opening "Sicilian: accelerated fianchetto, exchange variation"]
[ECO "B34"]
[NIC "SI.33"]
[Time "16:32:30"]
[PlyCount "61"]
[TimeControl "3600+10"]

1. e4 c5 2. Nf3 Nc6 3. d4 cxd4 4. Nxd4 g6 5. Nxc6 bxc6 6. Nc3 Bg7 7. Bd2 d6
8. Bd3 Nf6 9. Be3 O-O 10. O-O Bb7 11. f4 c5 12. f5 Kh8 13. fxg6 fxg6 14.
Qd2 Ng4 15. Rxf8+ Qxf8 16. Rf1 Qe8 17. Bb5 Bxc3 18. Qxc3+ e5 19. Bxe8 Rxe8
20. h3 Nf6 21. Rxf6 Bxe4 22. Rxd6 Bf5 23. Bxc5 Rc8 24. Qxe5+ Kg8 25. Qd5+
Be6 26. Qxe6+ Kf8 27. Rd8+ Kg7 28. Rxc8 Kh6 29. Be3+ Kg7 30. Rc7+ Kf8 31.
Qf7# { Black checkmated } 1-0

[Event "ICC tourney 2514 (60 10)"]
[Site "Internet Chess Club"]
[Date "2021.04.18"]
[Round "6"]
[White "Jaichand, Rishab:rjaichand"]
[Black "JAVIER, JERICK:Jerickjavier18"]
[Result "0-1"]
[ICCResult "White resigns"]
[WhiteElo "1188"]
[BlackElo "1328"]
[Opening "Giuoco Piano"]
[ECO "C54"]
[NIC "IG.02"]
[Time "16:32:23"]
[PlyCount "53"]
[TimeControl "3600+10"]

1. e4 e5 2. Nf3 Nc6 3. Bc4 Bc5 4. c3 Nf6 5. d4 exd4 6. cxd4 Bb4+ 7. Bd2
Bxd2+ 8. Nbxd2 d5 9. exd5 Nxd5 10. Qb3 Nce7 11. O-O O-O 12. Qd1 c6 13. Ne5
Nb6 14. Bb3 Qxd4 15. Nef3 Qxb2 16. Ng5 Nbd5 17. Rb1 Qf6 18. Qh5 h6 19. Nde4
Qf5 20. Bc2 Nf4 21. Qh4 Neg6 22. Qh5 Nxh5 23. Nf3 Nf6 24. Nxf6+ Qxf6 25.
Bb3 Ne5 26. Nxe5 Qxe5 27. Rfe1 { White resigns } 0-1

[Event "ICC tourney 2514 (60 10)"]
[Site "Internet Chess Club"]
[Date "2021.04.18"]
[Round "6"]
[White "OSMOND, AVA ROSE:avaosmond"]
[Black "Ho, Joshua:AutomaticCougar"]
[Result "1-0"]
[ICCResult "Black checkmated"]
[WhiteElo "1277"]
[BlackElo "1334"]
[Opening "Sicilian: Alapin's variation (2.c3)"]
[ECO "B22"]
[NIC "SI.46"]
[Time "16:32:45"]
[PlyCount "59"]
[TimeControl "3600+10"]

1. e4 c5 2. c3 d6 3. d4 cxd4 4. cxd4 Nf6 5. Nc3 e6 6. Bg5 Be7 7. Nf3 Nc6 8.
Bc4 O-O 9. O-O Bd7 10. Qd3 a6 11. Rfe1 Re8 12. Bb3 Qc7 13. Bc2 Nb4 14. Qd2
Rac8 15. e5 dxe5 16. dxe5 Nfd5 17. Bxe7 Rxe7 18. Nxd5 exd5 19. Bb1 Nc6 20.
Qxd5 Nxe5 21. Nxe5 Rxe5 22. Bxh7+ Kxh7 23. Rxe5 Qc1+ 24. Re1 Qc7 25. Rad1
Bc6 26. Qh5+ Kg8 27. Re3 Bd7 28. Re7 Rd8 29. Qxf7+ Kh8 30. Qxg7# { Black
checkmated } 1-0

[Event "ICC tourney 2514 (60 10)"]
[Site "Internet Chess Club"]
[Date "2021.04.18"]
[Round "6"]
[White "SOOD, MANASVIN:kushood"]
[Black "CARMINA, JONATHAN:temporarydanger"]
[Result "1-0"]
[ICCResult "Black checkmated"]
[WhiteElo "1402"]
[BlackElo "1090"]
[Opening "QGD: symmetrical (Austrian) defense"]
[ECO "D06"]
[NIC "QP.08"]
[Time "16:32:33"]
[PlyCount "171"]
[TimeControl "3600+10"]

1. d4 d5 2. c4 c5 3. dxc5 Nf6 4. Nf3 Nc6 5. e3 e5 6. Nc3 Be6 7. b3 Qa5 8.
Bd2 Bxc5 9. Nxd5 Nb4 10. Nxb4 Bxb4 11. Bxb4 Qxb4+ 12. Qd2 Qa3 13. Nxe5 Rd8
14. Nd3 Bf5 15. Qb2 Qa5+ 16. b4 Qc7 17. Qe5+ Qxe5 18. Nxe5 O-O 19. Be2 Rfe8
20. Nf3 Rc8 21. O-O Bg4 22. Rac1 Re4 23. Rfe1 Bxf3 24. Bxf3 Rexc4 25. Rxc4
Rxc4 26. Bxb7 Rxb4 27. Rc1 g6 28. Bf3 Nd7 29. h3 Rb2 30. Rc7 Ne5 31. Rxa7
Nd3 32. a4 Nxf2 33. a5 Nd3 34. a6 Ra2 35. Ra8+ Kg7 36. a7 Nb2 37. Rb8 Rxa7
38. Rxb2 Ra3 39. e4 h5 40. Kf2 Kh6 41. Rb7 f5 42. exf5 gxf5 43. Rb6+ Kg5
44. Rb8 Ra2+ 45. Kg3 h4+ 46. Kh2 Kf4 47. Rh8 Kg5 48. Rh5+ Kf4 49. Rxh4+ Ke3
50. Rh5 f4 51. Re5+ Kd4 52. Re4+ Kd5 53. Rxf4+ Ke5 54. Re4+ Kf5 55. Rg4 Ra8
56. h4 Rh8 57. Kg1 Re8 58. Kf2 Re6 59. Re4 Rh6 60. g4+ Kg6 61. Re6+ Kh7 62.
Rxh6+ Kxh6 63. Ke3 Kg6 64. Ke4 Kh6 65. Kf5 Kh7 66. Kf6 Kh6 67. Kf7 Kh7 68.
h5 Kh6 69. Kg8 Kg5 70. Kg7 Kf4 71. h6 Kxf3 72. h7 Kxg4 73. h8=Q Kf4 74.
Qf8+ Ke4 75. Kf6 Kd4 76. Qe8 Kd5 77. Kf5 Kd4 78. Qe5+ Kd3 79. Kf4 Kd2 80.
Qe3+ Kc2 81. Kf3 Kd1 82. Qe2+ Kc1 83. Ke3 Kb1 84. Kd3 Ka1 85. Kc3 Kb1 86.
Qb2# { Black checkmated } 1-0

[Event "ICC tourney 2514 (60 10)"]
[Site "Internet Chess Club"]
[Date "2021.04.18"]
[Round "6"]
[White "BETANCES, NOAH-ALEXANDER:HYNoahAlexaderB"]
[Black "PATEL, SOHAM:SPBrain"]
[Result "1-0"]
[ICCResult "Black checkmated"]
[WhiteElo "1023"]
[BlackElo "1248"]
[Opening "English, Tröger defense"]
[ECO "A10"]
[NIC "EO.64"]
[Time "16:32:42"]
[PlyCount "67"]
[TimeControl "3600+10"]

1. c4 d6 2. g3 e5 3. Bg2 Nc6 4. Nc3 Be6 5. d3 g6 6. Nf3 Bg7 7. O-O Nf6 8.
Bg5 h6 9. Bxf6 Bxf6 10. a3 g5 11. b4 e4 12. Nxe4 Bxa1 13. Qxa1 Kd7 14. Nf6+
Kc8 15. c5 g4 16. Nd2 dxc5 17. b5 Nd4 18. Nfe4 Nxe2+ 19. Kh1 Bd5 20. Qe1
Nd4 21. a4 Re8 22. Qe3 f5 23. Qf4 fxe4 24. Qxg4+ Kb8 25. dxe4 Be6 26. Qh5
Qg5 27. Qxe8+ Bc8 28. Bh3 a6 29. bxa6 Rxa6 30. Qxc8+ Ka7 31. Nc4 Rxa4 32.
Rb1 Rb4 33. Ra1+ Ra4 34. Rxa4# { Black checkmated } 1-0

[Event "ICC tourney 2514 (60 10)"]
[Site "Internet Chess Club"]
[Date "2021.04.18"]
[Round "6"]
[White "MANE, ARNAV KISHOR:georgianknight"]
[Black "LAY, ARTIS:al68067"]
[Result "1/2-1/2"]
[ICCResult "Game drawn by mutual agreement"]
[WhiteElo "1226"]
[BlackElo "1273"]
[Opening "Scandinavian (center counter) defense"]
[ECO "B01"]
[NIC "SD.01"]
[Time "16:32:22"]
[PlyCount "93"]
[TimeControl "3600+10"]

1. e4 d5 2. exd5 Qxd5 3. Nc3 Qa5 4. d4 c6 5. Nf3 Nf6 6. Be2 Bf5 7. O-O e6
8. Nh4 Bg6 9. Nxg6 hxg6 10. Bd2 Qc7 11. h3 Bd6 12. Re1 Nbd7 13. a4 Bf4 14.
Bxf4 Qxf4 15. a5 a6 16. Bf3 O-O 17. Ra4 Qc7 18. b3 Rfd8 19. Qb1 c5 20. Rc4
Qxa5 21. dxc5 Qc7 22. Na4 Rac8 23. c6 bxc6 24. Rxc6 Qa5 25. Rxc8 Rxc8 26.
Be4 Nxe4 27. Rxe4 Nf6 28. Re3 Qd2 29. c4 Rd8 30. Re1 Qb4 31. Rd1 Rd2 32.
Rxd2 Qxd2 33. c5 Nd5 34. Qb2 Qd1+ 35. Kh2 Nf4 36. Nc3 Qd4 37. g3 Nd3 38.
Qd2 Ne5 39. Qxd4 Nf3+ 40. Kg2 Nxd4 41. Ne2 Nc6 42. Kf3 f5 43. Ke3 e5 44.
Nc3 Nb4 45. f4 exf4+ 46. gxf4 Kf7 47. Kd4 { Game drawn by mutual agreement
} 1/2-1/2

[Event "ICC tourney 2514 (60 10)"]
[Site "Internet Chess Club"]
[Date "2021.04.18"]
[Round "6"]
[White "LUO, OLIVER:BadChessNotGood"]
[Black "AMBATI, JASWANT REDDY:AJRChess2011"]
[Result "1-0"]
[ICCResult "Black resigns"]
[WhiteElo "596"]
[BlackElo "1470"]
[Opening "QGD Slav: 4.e3 Bf5"]
[ECO "D12"]
[NIC "QP.09"]
[Time "16:32:24"]
[PlyCount "109"]
[TimeControl "3600+10"]

1. Nf3 d5 2. c4 c6 3. d4 Nf6 4. e3 Bf5 5. Nc3 e6 6. Nh4 Bg4 7. Qb3 b6 8. h3
Bh5 9. g4 Ne4 10. Nxe4 Qxh4 11. gxh5 dxe4 12. Rg1 Qxh5 13. Bd2 g6 14. Bg2
Bg7 15. Bxe4 O-O 16. Qd1 Qh4 17. Qg4 Qe7 18. Qg5 f6 19. Qh4 Qf7 20. O-O-O
f5 21. Bf3 Qc7 22. Rg2 Nd7 23. Qg3 e5 24. h4 Rf7 25. h5 Nf8 26. Bb4 e4 27.
Qxc7 Rxc7 28. Be2 c5 29. dxc5 bxc5 30. Ba5 Rc6 31. a3 Rb8 32. b4 Ra6 33.
Rd5 Rc8 34. Kc2 Ne6 35. Rg1 Rb8 36. hxg6 hxg6 37. Rxg6 cxb4 38. axb4 Nd4+
39. exd4 Rxg6 40. c5 Kh7 41. Kb3 Rh8 42. Bb5 f4 43. Rh5+ Kg8 44. Bc4+ Kf8
45. Rf5+ Rf6 46. Rd5 Rh3+ 47. Kc2 a6 48. b5 axb5 49. Bxb5 e3 50. f3 Rh2+
51. Kd3 Rb2 52. Bc4 Rb8 53. Rd7 Re8 54. c6 Rc8 55. c7 { Black resigns } 1-0

[Event "ICC tourney 2514 (60 10)"]
[Site "Internet Chess Club"]
[Date "2021.04.18"]
[Round "6"]
[White "BURCHILL, MARCUS:MarcusB"]
[Black "NOZAKI, MAYA:ChocolateSwirl"]
[Result "1-0"]
[ICCResult "Black checkmated"]
[WhiteElo "1271"]
[BlackElo "1136"]
[Opening "QGD Slav defense"]
[ECO "D10"]
[NIC "SL.01"]
[Time "16:32:34"]
[PlyCount "125"]
[TimeControl "3600+10"]

1. d4 d5 2. c4 c6 3. e3 Nf6 4. Nc3 Bf5 5. Qb3 Qc7 6. cxd5 cxd5 7. Nxd5 Qa5+
8. Nc3 Ne4 9. Ne2 Qc7 10. Nxe4 Bxe4 11. Nc3 Bf5 12. Nd5 Qc8 13. Bd2 Nc6 14.
Rc1 e6 15. Nb4 Be4 16. f3 Bxb4 17. Bxb4 Bd5 18. Qa4 a6 19. e4 b5 20. Qc2
Qd7 21. exd5 Nxb4 22. Qe4 O-O 23. Bd3 Nxd3+ 24. Qxd3 exd5 25. O-O Rac8 26.
Rc5 Rxc5 27. dxc5 Rc8 28. Qd4 Qc6 29. Rc1 a5 30. a3 a4 31. Qe5 f6 32. Qe7
Qc7 33. Qe6+ Kh8 34. Qxd5 Qc6 35. Qxc6 Rxc6 36. Kf2 Kg8 37. Ke3 Kf7 38. Kd4
Ke6 39. Re1+ Kf7 40. Kd5 Rc7 41. Kd6 Rc8 42. c6 Kf8 43. Kd7 Ra8 44. c7 Ra7
45. Kd8 Ra8+ 46. c8=Q Rxc8+ 47. Kxc8 Kf7 48. Kc7 Kg6 49. Kc6 Kf5 50. Kxb5
g5 51. Kxa4 h5 52. b4 g4 53. fxg4+ hxg4 54. b5 Kf4 55. b6 g3 56. hxg3+ Kxg3
57. Rf1 Kxg2 58. Rxf6 Kg3 59. b7 Kg4 60. b8=Q Kg5 61. Rf7 Kg4 62. Qg8+ Kh5
63. Rh7# { Black checkmated } 1-0

[Event "ICC tourney 2514 (60 10)"]
[Site "Internet Chess Club"]
[Date "2021.04.18"]
[Round "6"]
[White "DOGRA, DIVIJ SINGH:divijdogra"]
[Black "MARISWARAN, SHASHVAT:sassymareese"]
[Result "1/2-1/2"]
[ICCResult "Black stalemated"]
[WhiteElo "1237"]
[BlackElo "1429"]
[Opening "Queen's bishop game"]
[ECO "D00"]
[NIC "QP.08"]
[Time "16:32:18"]
[PlyCount "157"]
[TimeControl "3600+10"]

1. d4 d5 2. Bf4 Nf6 3. Nf3 e6 4. e3 c5 5. c3 Nc6 6. Nbd2 cxd4 7. exd4 Bd6
8. Bg3 O-O 9. Bd3 Re8 10. Bxd6 Qxd6 11. O-O e5 12. dxe5 Nxe5 13. Nxe5 Rxe5
14. Nf3 Bg4 15. h3 Bxf3 16. Qxf3 Rae8 17. Rad1 Qb6 18. b4 Qe6 19. Bb5 Re7
20. Qd3 a6 21. Ba4 b5 22. Bb3 Qd6 23. a3 Rc7 24. Rfe1 Rxe1+ 25. Rxe1 Qc6
26. Rc1 h6 27. Kf1 Kf8 28. f3 Qd6 29. Re1 Qc6 30. Re3 Rd7 31. Qd4 Qc7 32.
a4 bxa4 33. Bxa4 Rd8 34. Qd3 d4 35. cxd4 Qc1+ 36. Re1 Qb2 37. Qe3 Qxb4 38.
Bc6 Qc4+ 39. Kg1 Qxd4 40. Qxd4 Rxd4 41. Ra1 Rd6 42. Rxa6 Ne8 43. Bb5 Rd1+
44. Kh2 Nc7 45. Be2 Nxa6 46. Bxd1 g5 47. Kg3 f5 48. f4 Kf7 49. Bb3+ Kg6 50.
Bc4 gxf4+ 51. Kxf4 Nc5 52. g3 Kf6 53. g4 fxg4 54. Kxg4 Kg6 55. Ba2 Nd7 56.
Bb1+ Kg7 57. Bf5 Nf6+ 58. Kf4 Nh5+ 59. Kg4 Nf6+ 60. Kf4 Nd5+ 61. Kg4 Ne3+
62. Kf4 Nxf5 63. Kxf5 Kf7 64. h4 Kg7 65. Kg4 Kg6 66. h5+ Kf6 67. Kf4 Ke6
68. Ke4 Kf6 69. Kf4 Kg7 70. Ke5 Kf7 71. Kf5 Kg7 72. Ke6 Kg8 73. Kf6 Kh7 74.
Kf7 Kh8 75. Kg6 Kg8 76. Kxh6 Kh8 77. Kg6 Kg8 78. h6 Kh8 79. h7 { Black
stalemated } 1/2-1/2

[Event "ICC tourney 2514 (60 10)"]
[Site "Internet Chess Club"]
[Date "2021.04.18"]
[Round "6"]
[White "MARTINEZ, EMILEO ENRIQUE:Gaku398973"]
[Black "PIMANOFF, THEODORE V:Harshcrocodile"]
[Result "0-1"]
[ICCResult "White checkmated"]
[WhiteElo "1310"]
[BlackElo "1110"]
[Opening "Vienna game"]
[ECO "C28"]
[NIC "VG.04"]
[Time "16:32:33"]
[PlyCount "114"]
[TimeControl "3600+10"]

1. e4 e5 2. Nc3 Nc6 3. Bc4 Nf6 4. d3 h6 5. Be3 Bb4 6. Ne2 d6 7. O-O Ng4 8.
h3 Nxe3 9. fxe3 O-O 10. Qe1 Be6 11. Bb3 Bc5 12. Qd2 Qg5 13. Rf3 Bxb3 14.
axb3 f5 15. exf5 Rxf5 16. Rxf5 Bxe3+ 17. Kh1 Bxd2 18. Rxg5 Bxg5 19. Rf1 Rf8
20. Rxf8+ Kxf8 21. Nd5 Bd8 22. Ng3 Nd4 23. Ne3 Bg5 24. Ngf1 Bxe3 25. Nxe3
Ke7 26. Kg1 Ke6 27. Kf2 c6 28. g4 Kf6 29. h4 g5 30. h5 d5 31. c4 e4 32.
cxd5 exd3 33. dxc6 bxc6 34. b4 d2 35. Nd1 Ke5 36. Ke3 Nb3 37. Nc3 c5 38.
bxc5 Nxc5 39. b4 Ne4 40. Nd1 a6 41. Nb2 Nf6 42. Nd3+ Kd5 43. Nf2 Nxg4+ 44.
Nxg4 d1=Q 45. Nxh6 Qxh5 46. Nf5 Qh3+ 47. Ng3 Qxg3+ 48. Ke2 Qf4 49. b5 g4
50. bxa6 g3 51. a7 Qf8 52. Kd2 g2 53. Ke2 g1=Q 54. a8=Q+ Qxa8 55. Kd3 Qa3+
56. Kd2 Qg2+ 57. Ke1 Qa1# { White checkmated } 0-1

[Event "ICC tourney 2514 (60 10)"]
[Site "Internet Chess Club"]
[Date "2021.04.18"]
[Round "6"]
[White "BELOBROVKA, ARIELLE:ariellezbel"]
[Black "HELLER, RICHIE:RichieHeller"]
[Result "1-0"]
[ICCResult "Black resigns"]
[WhiteElo "1338"]
[BlackElo "989"]
[Opening "Giuoco Piano"]
[ECO "C54"]
[NIC "IG.02"]
[Time "16:32:21"]
[PlyCount "85"]
[TimeControl "3600+10"]

1. e4 e5 2. Nf3 Nc6 3. Bc4 Bc5 4. c3 Nf6 5. d3 O-O 6. Bb3 d6 7. h3 Na5 8.
Bc2 Nc6 9. O-O Be6 10. Re1 Bb6 11. d4 exd4 12. cxd4 d5 13. e5 Nd7 14. Nc3
a6 15. Ne2 Rc8 16. Ng3 Na7 17. Ng5 h6 18. Qh5 Bxd4 19. Nh7 Re8 20. Bxh6 Qe7
21. Bxg7 Kxg7 22. Ng5 Rh8 23. Nxe6+ fxe6 24. Qg6+ Kf8 25. Nh5 Bxe5 26. Re3
Bf6 27. Rf3 Rxh5 28. Qxh5 Qg7 29. Kf1 Ke7 30. Re1 Rh8 31. Qxd5 Ne5 32. Qc5+
Kd7 33. Rd1+ Ke8 34. Rxf6 Qxf6 35. Qxa7 Nc4 36. Qxb7 Ne3+ 37. Ke2 Nxd1 38.
Kxd1 Qd8+ 39. Ke2 Rh5 40. Bg6+ Ke7 41. Bxh5 Qd7 42. g4 Kd6 43. Qxa6+ {
Black resigns } 1-0

[Event "ICC tourney 2514 (60 10)"]
[Site "Internet Chess Club"]
[Date "2021.04.18"]
[Round "6"]
[White "MOGUEL, IXOYE:IxoyeMoguelLara"]
[Black "SHARMA, ABDD:catseyenebula"]
[Result "1-0"]
[ICCResult "Black checkmated"]
[WhiteElo "1382"]
[BlackElo "1422"]
[Opening "French: advance variation"]
[ECO "C02"]
[NIC "FR.03"]
[Time "16:33:11"]
[PlyCount "81"]
[TimeControl "3600+10"]

1. e4 e6 2. d4 d5 3. e5 c5 4. c3 Qb6 5. a3 Bd7 6. b4 cxd4 7. cxd4 Bb5 8.
Bxb5+ Qxb5 9. Nc3 Qb6 10. Nf3 Nd7 11. h4 Rc8 12. Bd2 Ne7 13. O-O Nf5 14.
Na4 Qd8 15. Rc1 Be7 16. Nc5 Bxc5 17. bxc5 O-O 18. Bg5 f6 19. exf6 Nxf6 20.
g3 Qa5 21. Qb3 Qa6 22. a4 Ne4 23. Bf4 h6 24. Kg2 Ne7 25. Qb5 Qc6 26. h5 Nf6
27. Bd6 Rfe8 28. Bxe7 Rxe7 29. Ne5 Qc7 30. Rfe1 Nxh5 31. c6 bxc6 32. Rxc6
Qb8 33. Qe2 Nf6 34. Ng6 Ree8 35. Rxe6 Kf7 36. Re7+ Kxg6 37. Qd3+ Ne4 38.
R1xe4 Kh7 39. Rg4+ Kh8 40. Rgxg7 Rxe7 41. Qh7# { Black checkmated } 1-0

[Event "ICC tourney 2514 (60 10)"]
[Site "Internet Chess Club"]
[Date "2021.04.18"]
[Round "6"]
[White "WOLOZ, GABRIEL:Gabesw"]
[Black "NANGIA, OM:MateON123"]
[Result "1/2-1/2"]
[ICCResult "Game drawn by mutual agreement"]
[WhiteElo "840"]
[BlackElo "1122"]
[Opening "Scotch game"]
[ECO "C45"]
[NIC "SO.05"]
[Time "16:32:49"]
[PlyCount "94"]
[TimeControl "3600+10"]

1. e4 e5 2. Nf3 Nc6 3. d4 exd4 4. Nxd4 Bc5 5. Nf5 Qf6 6. Nc3 Nge7 7. Nd5
Nxd5 8. Qxd5 d6 9. Bb5 O-O 10. O-O Be6 11. Qd3 Ne5 12. Qh3 c6 13. Bd3 Nxd3
14. cxd3 d5 15. Be3 Bb6 16. b3 Rad8 17. Qg4 g6 18. h4 Bxf5 19. exf5 Qxf5
20. Qxf5 gxf5 21. Bxb6 axb6 22. Rfe1 Rfe8 23. Rxe8+ Rxe8 24. a4 Kf8 25. a5
Ra8 26. b4 bxa5 27. bxa5 Ke7 28. d4 Kd6 29. Kh2 h5 30. Kg3 Ke6 31. Kf4 Kf6
32. f3 Kg6 33. g4 hxg4 34. fxg4 fxg4 35. Kxg4 Kf6 36. h5 Kg7 37. Kf5 Kf8
38. Kf6 Ra6 39. h6 c5+ 40. Kg5 cxd4 41. Rh1 Rg6+ 42. Kf4 Rg8 43. Ke5 Rh8
44. Kxd4 Ke7 45. Kxd5 Kd7 46. Ke5 Ke7 47. Kd5 Kd7 { Game drawn by mutual
agreement } 1/2-1/2

[Event "ICC tourney 2514 (60 10)"]
[Site "Internet Chess Club"]
[Date "2021.04.18"]
[Round "6"]
[White "Smith, Graham Bradley:Smittyboy13"]
[Black "GALVEZ, TIARA:Firephionex23"]
[Result "0-1"]
[ICCResult "White checkmated"]
[WhiteElo "786"]
[BlackElo "1367"]
[Opening "QGD: Harrwitz attack"]
[ECO "D35"]
[NIC "QO.16"]
[Time "16:32:37"]
[PlyCount "118"]
[TimeControl "3600+10"]

1. d4 d5 2. c4 e6 3. Nc3 Nf6 4. Bf4 Bb4 5. a3 Bxc3+ 6. bxc3 Nc6 7. e3 O-O
8. Bd3 b6 9. cxd5 exd5 10. h3 Ne4 11. Qc2 Re8 12. Nf3 Na5 13. Ne5 Bb7 14.
O-O f6 15. f3 fxe5 16. Bxe5 Nf6 17. Bxf6 Qxf6 18. Bxh7+ Kh8 19. Rae1 Nc4
20. Qd3 Nxa3 21. c4 Nxc4 22. e4 Qd8 23. Bg6 Rf8 24. f4 a5 25. Qd1 Qh4 26.
e5 Rxf4 27. Rxf4 Qxf4 28. e6 Nd6 29. e7 Bc6 30. Kh1 Qh6 31. Qg4 Be8 32. Rf1
Bxg6 33. Rf8+ Kh7 34. Rxa8 Ne8 35. Qd7 Qc1+ 36. Kh2 Qf4+ 37. Kh1 Qc1+ 38.
Kh2 Nf6 39. Qe6 Qf4+ 40. Kh1 Qf1+ 41. Kh2 Be4 42. Rh8+ Kxh8 43. e8=Q+ Nxe8
44. Qxe8+ Kh7 45. Qh5+ Kg8 46. Qe8+ Qf8 47. Qe6+ Kh7 48. Qg4 Qd6+ 49. Kh1
a4 50. Qd1 a3 51. Qa1 Qb4 52. Qd1 Qb1 53. Qxb1 Bxb1 54. g4 a2 55. Kg2 a1=Q
56. Kg3 Qxd4 57. Kh4 Qf2+ 58. Kh5 Bg6+ 59. Kg5 Qf6# { White checkmated }
0-1

[Event "ICC tourney 2514 (60 10)"]
[Site "Internet Chess Club"]
[Date "2021.04.18"]
[Round "6"]
[White "Tsuboyama, Kai:kgtkgt2010"]
[Black "KUMAR, SUHANA:SuhanaK"]
[Result "1-0"]
[ICCResult "Black checkmated"]
[WhiteElo "1298"]
[BlackElo "1255"]
[Opening "Caro-Kann: advance variation"]
[ECO "B12"]
[NIC "CK.02"]
[Time "16:32:28"]
[PlyCount "119"]
[TimeControl "3600+10"]

1. e4 c6 2. d4 d5 3. e5 c5 4. Nf3 Nc6 5. Bb5 Bg4 6. Be3 Qa5+ 7. Nc3 Qb4 8.
Rb1 Bxf3 9. gxf3 cxd4 10. Bxd4 e6 11. a3 Qa5 12. b4 Qc7 13. Ba4 a6 14. b5
axb5 15. Nxb5 Qa5+ 16. Nc3 Qa6 17. Rb4 Bxb4 18. axb4 Qc4 19. Qa1 Rc8 20.
Nb5 Kf8 21. Bc5+ Nge7 22. Nd6 Qa6 23. Nxc8 b5 24. Nb6 bxa4 25. Qxa4 Qxa4
26. Nxa4 Nxe5 27. f4 Nc6 28. b5 Na5 29. b6 f6 30. Ke2 Kf7 31. Rb1 Rb8 32.
Bd6 Rc8 33. b7 Rxc2+ 34. Kd3 Nxb7 35. Rxb7 Rxf2 36. Rxe7+ Kg6 37. Rxe6 Kh5
38. Bf8 Rxf4 39. Nc5 g5 40. Re7 Kg6 41. Rg7+ Kh6 42. Ne6 Kh5 43. Nxf4+ gxf4
44. Be7 f5 45. Bd6 f3 46. Ke3 d4+ 47. Kxf3 Kh4 48. Kf4 h5 49. Kxf5 d3 50.
Bf4 d2 51. Bxd2 Kh3 52. Kf4 h4 53. Rg4 Kxh2 54. Rxh4+ Kg2 55. Kg4 Kf1 56.
Be1 Kg2 57. Rh3 Kf1 58. Kf3 Kg1 59. Bf2+ Kf1 60. Rh1# { Black checkmated }
1-0

[Event "ICC tourney 2514 (60 10)"]
[Site "Internet Chess Club"]
[Date "2021.04.18"]
[Round "6"]
[White "BABENKO, ARIEL:ArielB"]
[Black "Chin, Matthew:mhchin"]
[Result "1-0"]
[ICCResult "Black checkmated"]
[WhiteElo "1112"]
[BlackElo "1264"]
[Opening "French: Fort Knox variation"]
[ECO "C03"]
[NIC "FR.07"]
[Time "16:32:23"]
[PlyCount "151"]
[TimeControl "3600+10"]

1. e4 e6 2. d4 d5 3. Nd2 dxe4 4. Nxe4 Bd7 5. Nf3 Bc6 6. Nc3 Nf6 7. Be2 Bd6
8. O-O O-O 9. h3 Nbd7 10. Re1 Re8 11. Be3 Nb6 12. Ne5 Nbd5 13. Bd2 Nxc3 14.
Bxc3 Bd5 15. Bf3 c6 16. Qd2 Qc7 17. Bb4 c5 18. Bxc5 Bxc5 19. dxc5 Qxc5 20.
b3 Rad8 21. Qe2 h6 22. c4 Bxf3 23. Qxf3 b6 24. Nc6 Ra8 25. Ne5 Rac8 26.
Rad1 Qc7 27. Qc3 Red8 28. Qe3 Nd7 29. Nxd7 Rxd7 30. Rxd7 Qxd7 31. Qc3 Rd8
32. a3 Qd3 33. Qxd3 Rxd3 34. Re3 Rd1+ 35. Kh2 Ra1 36. a4 Ra3 37. Rd3 a6 38.
Kg3 Kf8 39. Kf4 Ke7 40. Ke4 Ra2 41. Ke3 g6 42. g3 Rb2 43. f4 f5 44. Kd4 h5
45. h4 Rc2 46. a5 bxa5 47. Kc5 a4 48. bxa4 Ra2 49. Kb4 Rc2 50. c5 Rc1 51.
Rd2 Kf6 52. Rd3 Ke7 53. Rd6 Rb1+ 54. Ka5 Rc1 55. Kb6 a5 56. Kc6 Rc4 57. Kb5
Rc3 58. Ra6 Rxg3 59. Rxa5 Kd7 60. Ra7+ Kc8 61. Kc6 Kb8 62. Re7 Re3 63. a5
Ra3 64. Rxe6 Rxa5 65. Kb6 Rxc5 66. Kxc5 g5 67. fxg5 f4 68. Rf6 Kc7 69. Rxf4
Kd7 70. g6 Ke7 71. g7 Kd7 72. g8=Q Ke7 73. Qf7+ Kd8 74. Qf8+ Kd7 75. Qd6+
Ke8 76. Rf8# { Black checkmated } 1-0

[Event "ICC tourney 2514 (60 10)"]
[Site "Internet Chess Club"]
[Date "2021.04.18"]
[Round "6"]
[White "CARR, EVAN YE:Evanthegreatest"]
[Black "STRIFF-CAVE, ETHAN CONOR:escape18"]
[Result "0-1"]
[ICCResult "White resigns"]
[WhiteElo "1257"]
[BlackElo "1331"]
[Opening "Philidor's defense"]
[ECO "C41"]
[NIC "KP.10"]
[Time "16:33:06"]
[PlyCount "69"]
[TimeControl "3600+10"]

1. e4 e5 2. Nf3 d6 3. Bc4 Bg4 4. h3 Bh5 5. d4 exd4 6. g4 Bg6 7. Qxd4 Nc6 8.
Qe3 Be7 9. h4 Nf6 10. h5 Bxe4 11. g5 Nb4 12. Bb3 O-O 13. gxf6 Bxf6 14. Rg1
Re8 15. Kf1 Bd3+ 16. cxd3 Rxe3 17. fxe3 Nxd3 18. Nc3 Bxc3 19. bxc3 Qf6 20.
Ke2 Nc5 21. Bd2 Qf5 22. Rg2 Qd3+ 23. Kd1 Qf1+ 24. Ne1 Re8 25. h6 g6 26. Rb1
Re5 27. Rh2 Qg1 28. Rh4 g5 29. Rd4 Qh1 30. Bc4 b6 31. Kc2 Qxh6 32. Nf3 Rf5
33. Ng1 c6 34. Rg4 Qg6 35. Bb3 { White resigns } 0-1